Workbook
Name _11POS_BY_CAT: #REF!
Name _11POS_BY_CAT: #REF!
Name _1ATTORNEY_SUPP: #REF!
Name _1ATTORNEY_SUPP: #REF!
Name _2ATTORNEY_SUPP: #REF!
Name _2ATTORNEY_SUPP: #REF!
Name _2GA_ROLLUP: #REF!
Name _2GA_ROLLUP: #REF!
Name _3POS_BY_CAT: #REF!
Name _3POS_BY_CAT: #REF!
Name _6GA_ROLLUP: #REF!
Name _6GA_ROLLUP: #REF!
Name _7GA_ROLLUP: #REF!
Name _7GA_ROLLUP: #REF!
Name _9POS_BY_CAT: #REF!
Name _9POS_BY_CAT: #REF!
Name DL: #REF!
Name DL: #REF!
Name EXECSUPP: #REF!
Name EXECSUPP: #REF!
Name FY0711.1: #REF!
Name FY0711.1: #REF!
Name FY0711.5: #REF!
Name FY0711.5: #REF!
Name FY0712.1: #REF!
Name FY0712.1: #REF!
Name FY0721.0: #REF!
Name FY0721.0: #REF!
Name FY0722.0: #REF!
Name FY0722.0: #REF!
Name FY0723.1: #REF!
Name FY0723.1: #REF!
Name FY0723.2: #REF!
Name FY0723.2: #REF!
Name FY0723.3: #REF!
Name FY0723.3: #REF!
Name FY0724.0: #REF!
Name FY0724.0: #REF!
Name FY0725.2: #REF!
Name FY0725.2: #REF!
Name FY0725.3: #REF!
Name FY0725.3: #REF!
Name FY0725.6: #REF!
Name FY0725.6: #REF!
Name FY0726.0: #REF!
Name FY0726.0: #REF!
Name FY0731.0: #REF!
Name FY0731.0: #REF!
Name FY0732.0: #REF!
Name FY0732.0: #REF!
Name FY07Ling: #REF!
Name FY07Ling: #REF!
Name FY07Mult: #REF!
Name FY07Mult: #REF!
Name FY07PEPI: #REF!
Name FY07PEPI: #REF!
Name FY07Tot: #REF!
Name FY07Tot: #REF!
Name FY07Train: #REF!
Name FY07Train: #REF!

Sheet A. Organization Chart
A1: A: Organizational Chart | N1: end of line
N2: end of line
N3: end of line
C4: Note: Unless proposing a restructure the organizational chart is not necessary. | N4: end of line
N5: end of line
N6: end of line
N7: end of line
N8: end of line
N9: end of line
N10: end of line
N11: end of line
N12: end of line
N13: end of line
N14: end of line
N15: end of line
N16: end of line
... N36: end of sheet
A200: 2012 template
A256: FY 2011 CJ Submission

Sheet B. Summ of Req.
A1: Summary of Requirements | E1: end of line
A2: Antitrust Division | E2: end of line
A3: Salaries and Expenses | E3: end of line
A4: (Dollars in Thousands) | E4: end of line
E5: end of line
B6: FY 2014 Request | E6: end of line
B7: Direct Pos. | C7: Estimate FTE | D7: Amount | E7: end of line
A8: 2012 Enacted | B8: 880 | C8: 705 | D8: 159587 | E8: end of line
E9: end of line
A10: 2013 Continuing Resolution | E10: end of line
A11: 2013 CR 0.612% Increase | D11: 977 | E11: end of line
A12: Total 2013 Continuing Resolution | B12: =SUM(B11:B11)+B8 -> 880 | C12: 676 | D12: =SUM(D11:D11)+D8 -> 160564 | E12: end of line
E13: end of line
A14: Technical Adjustments | E14: end of line
A15: Adjustment - 2013 CR 0.612% | D15: -977 | E15: end of line
A16: Total Technical Adjustments | B16: =SUM(B15:B15) -> 0 | C16: =SUM(C15:C15) -> 0 | D16: =SUM(D15:D15) -> -977 | E16: end of line
A17: Base Adjustments | E17: end of line
A18: Transfers: | E18: end of line
A19: JCON and JCON S/TS | B19: 0 | C19: 0 | D19: 385 | E19: end of line
A20: Office of Information Policy | B20: 0 | C20: 0 | D20: -26 | E20: end of line
A21: Professional Responsibility Advisory Office (PRAO) | B21: 0 | C21: 0 | D21: -123 | E21: end of line
A22: Pay and Benefits | B22: 0 | C22: 0 | D22: 816 | E22: end of line
A23: Domestic Rent and Facilities | B23: 0 | C23: 0 | D23: -229 | E23: end of line
A24: Total Base Adjustments | B24: =SUM(B21:B23) -> 0 | C24: =SUM(C21:C23) -> 0 | D24: =SUM(D19:D23) -> 823 | E24: end of line
A25: Total Technical and Base Adjustments | B25: =B24+B16 -> 0 | C25: 0 | D25: =D24+D16 -> -154 | E25: end of line
A26: 2014 Current Services | B26: =B12+B25 -> 880 | C26: =C12+C25 -> 676 | D26: =D12+D25 -> 160410 | E26: end of line
A27: Program Changes | E27: end of line
A28: Offsets: | E28: end of line
A29: Position/FTE Adjustment | B29: -50 | C29: 0 | D29: 0 | E29: end of line
A30: Subtotal, Offsets | B30: =SUM(B29:B29) -> -50 | C30: =SUM(C29:C29) -> 0 | D30: =SUM(D29:D29) -> 0 | E30: end of line
A31: Total Program Changes | B31: =B30 -> -50 | C31: =C30 -> 0 | D31: =D30 -> 0 | E31: end of line
A32: 2014 Total Request | B32: =B26+B31 -> 830 | C32: =C26+C31 -> 676 | D32: =D26+D31 -> 160410 | E32: end of line
A33: 2012 - 2014 Total Change | B33: =B32-B8 -> -50 | C33: =C32-C8 -> -29 | D33: =D32-D8 -> 823 | E33: end of line
E34: end of line
A35: Note: The FTE for FY 2012 is actual and the FY 2013 and FY 2014 FTE are estimates. | E35: end of sheet

Sheet B. Summ of Req. by DU
A1: Summary of Requirements | N1: end of line
A2: Antitrust Division | N2: end of line
A3: Salaries and Expenses | N3: end of line
A4: (Dollars in Thousands) | N4: end of line
N5: end of line
N6: end of line
A7: Program Activity | B7: 2012 Appropriation Enacted | E7: 2013 Continuing Resolution * | H7: 2014 Technical and Base Adjustments | K7: 2014 Current Services | N7: end of line
B8: Direct Pos. | C8: Actual FTE | D8: Amount | E8: Direct Pos. | F8: Est. FTE | G8: Amount | H8: Direct Pos. | I8: Est. FTE | J8: Amount | K8: Direct Pos. | L8: Est. FTE | M8: Amount | N8: end of line
A9: Antitrust Division | B9: =SUM('B. Summ of Req.'!B8) -> 880 | C9: =SUM('B. Summ of Req.'!C8) -> 705 | D9: =SUM('B. Summ of Req.'!D8) -> 159587 | E9: =SUM('B. Summ of Req.'!B10) -> 0 | F9: 676 | G9: =SUM('B. Summ of Req.'!D12) -> 160564 | H9: 0 | I9: 0 | J9: =SUM('B. Summ of Req.'!D25) -> -154 | K9: =E9+H9 -> 0 | L9: =F9+I9 -> 676 | M9: =G9+J9 -> 160410 | N9: end of line
A10: Total Direct | B10: =SUM(B9:B9) -> 880 | C10: =SUM(C9:C9) -> 705 | D10: =SUM(D9:D9) -> 159587 | E10: =SUM(E9:E9) -> 0 | F10: =SUM(F9:F9) -> 676 | G10: =SUM(G9:G9) -> 160564 | H10: =SUM(H9:H9) -> 0 | I10: =SUM(I9:I9) -> 0 | ... M10: =SUM(M9:M9) -> 160410 | N10: end of line
A11: Grand Total, FTE | C11: =SUM(C10) -> 705 | F11: =SUM(F10) -> 676 | I11: =SUM(I10) -> 0 | L11: =F11+I11 -> 676 | N11: end of line
N12: end of line
A13: Program Activity | B13: 2014 Increases | E13: 2014 Offsets | H13: 2014 Request | N13: end of line
B14: Direct Pos. | C14: Est. FTE | D14: Amount | E14: Direct Pos. | F14: Est. FTE | G14: Amount | H14: Direct Pos. | I14: Est. FTE | J14: Amount | N14: end of line
A15: =A9 -> Antitrust Division | B15: 0 | C15: 0 | D15: 0 | E15: -50 | F15: 0 | G15: 0 | H15: =K9+B15+E15 -> -50 | I15: =L9+C15+F15 -> 676 | J15: =M9+D15+G15 -> 160410 | N15: end of line
A16: Total Direct | B16: =SUM(B15:B15) -> 0 | C16: =SUM(C15:C15) -> 0 | D16: =SUM(D15:D15) -> 0 | E16: =SUM(E15:E15) -> -50 | F16: =SUM(F15:F15) -> 0 | G16: =SUM(G15:G15) -> 0 | H16: =SUM(H15:H15) -> -50 | I16: =SUM(I15:I15) -> 676 | J16: =SUM(J15:J15) -> 160410 | N16: end of line
A17: Grand Total, FTE | C17: =SUM(C16) -> 0 | F17: =SUM(F16) -> 0 | I17: =L11+C17+F17 -> 676 | N17: end of line
N18: end of line
A19: *The 2013 Continuing Resolution includes the 0.612% funding provided by the Continuing Appropriations Resolution, 2013 (P.L. 112-175, Section 101(c)). | N19: end of line
N20: end of sheet

Sheet C. Program Changes by DU
A1: FY 2014 Program Increases/Offsets by Decision Unit | K1: end of line
A2: Antitrust Division | K2: end of line
A3: Salaries and Expenses | K3: end of line
A4: (Dollars in Thousands) | K4: end of line
K5: end of line
K6: end of line
K7: end of line
A8: Program Offsets | B8: Location of Description by Program Activity | C8: Antitrust Division | G8: Total Offsets | K8: end of line
C9: Direct Pos. | D9: Agt./ Atty. | E9: Est. FTE | F9: Amount | G9: Direct Pos. | H9: Agt./ Atty. | I9: Est. FTE | J9: Amount | K9: end of line
A10: Position/FTE Adjustment | B10: Antitrust Division | C10: -50 | D10: -10 | E10: 0 | F10: 0 | G10: =C10 -> -50 | H10: =D10 -> -10 | I10: =E10 -> 0 | J10: =F10 -> 0 | K10: end of line
A11: Total Program Offsets | C11: =SUM(C10:C10) -> -50 | D11: =SUM(D10:D10) -> -10 | E11: =SUM(E10:E10) -> 0 | F11: =SUM(F10:F10) -> 0 | G11: =SUM(G10:G10) -> -50 | H11: =SUM(H10:H10) -> -10 | I11: =SUM(I10:I10) -> 0 | J11: =SUM(J10:J10) -> 0 | K11: end of line
K12: end of sheet

Sheet D. Strategic Goals & Objectives
A1: Resources by Department of Justice Strategic Goal/Objective | O1: end of line
A2: Antitrust Division | O2: end of line
A3: Salaries and Expenses | O3: end of line
A4: (Dollars in Thousands) | O4: end of line
O5: end of line
O6: end of line
A7: Strategic Goal and Strategic Objective | C7: 2012 Appropriation Enacted | E7: 2013 Continuing Resolution * | G7: 2014 Current Services | I7: 2014 Increases | K7: 2014 Offsets | M7: 2014 Total Request | O7: end of line
C8: Direct/ Reimb FTE | D8: Direct Amount | E8: Direct/ Reimb FTE | F8: Direct Amount | G8: Direct/ Reimb FTE | H8: Direct Amount | I8: Direct/ Reimb FTE | J8: Direct Amount | K8: Direct/ Reimb FTE | L8: Direct Amount | M8: Direct/ Reimb FTE | N8: Direct Amount | O8: end of line
A9: Goal 2 | B9: Prevent Crime, Protect the Rights of the American People, and enforce Federal Law | O9: end of line
A10: 2.6 | B10: Protect the federal fisc and defend the interests of the United States. | C10: =SUM('B. Summ of Req.'!C8) -> 705 | D10: =SUM('B. Summ of Req.'!D8) -> 159587 | E10: =SUM('B. Summ of Req.'!C10) -> 0 | F10: =SUM('B. Summ of Req.'!D12) -> 160564 | G10: =SUM('B. Summ of Req.'!C26) -> 676 | H10: =SUM('B. Summ of Req.'!D26) -> 160410 | I10: 0 | J10: 0 | K10: 0 | L10: 0 | M10: =G10+I10+K10 -> 676 | N10: =H10+J10+L10 -> 160410 | O10: end of line
B11: Subtotal, Goal 2 | C11: =SUM(C10:C10) -> 705 | D11: =SUM(D10:D10) -> 159587 | E11: =SUM(E10:E10) -> 0 | F11: =SUM(F10:F10) -> 160564 | G11: =SUM(G10:G10) -> 676 | H11: =SUM(H10:H10) -> 160410 | I11: =SUM(I10:I10) -> 0 | J11: =SUM(J10:J10) -> 0 | ... N11: =SUM(N10:N10) -> 160410 | O11: end of line
B12: TOTAL | C12: =C11 -> 705 | D12: =D11 -> 159587 | E12: =E11 -> 0 | F12: =F11 -> 160564 | G12: =G11 -> 676 | H12: =H11 -> 160410 | I12: =I11 -> 0 | J12: =J11 -> 0 | ... N12: =N11 -> 160410 | O12: end of line
O13: end of line
A14: Note: Excludes Balance Rescission and/or Supplemental Appropriations. | O14: end of line
O15: end of line
A16: *The 2013 Continuing Resolution includes the 0.612% funding provided by the Continuing Appropriations Resolution, 2013 (P.L. 112-175, Section 101 (c)). | O16: end of sheet

Sheet E. ATB Justification
A1: Justifications for Technical and Base Adjustments | H1: end of line
A2: Antitrust Division | H2: end of line
A3: Salaries and Expenses | H3: end of line
A4: (Dollars in Thousands) | H4: end of line
H5: end of line
E6: Direct Pos. | F6: Estimate FTE | G6: Amount | H6: end of line
B7: Technical Adjustments | H7: end of line
A8: 1 | B8: Adjustment - 2013 CR 0.612%: PL 112-175 section 101 (c) provided 0.612% across the board increase above the current rate for the 2013 CR funding level. This adjustment reverses this increase. | E8: 0 | F8: 0 | G8: -977 | H8: end of line
H9: end of line
B10: Subtotal, Technical Adjustments | E10: =SUM(E8:E9) -> 0 | F10: =SUM(F8:F9) -> 0 | G10: =SUM(G8:G9) -> -977 | H10: end of line
B11: Transfers | E11: 0 | F11: 0 | G11: 0 | H11: end of line
A12: 1 | B12: JCON and JCON S/TS: A transfer of $385,000 is included in support of the Department's Justice Consolidated Office Network (JCON) and JCON S/TS programs which will be moved to the Working Capital Fund and provided as a billable service in FY2014. | E12: 0 | F12: 0 | G12: 385 | H12: end of line
A13: 2 | B13: Office of Information Policy (OIP): The component transfers for the Office of Information Policy (OIP) into the General Administration appropriation will centralize appropriated funding and eliminate the current reimbursable financing process. The centralization of the funding is administratively advantageous because it eliminates the paper-intensive reimbursement process. | E13: 0 | F13: 0 | G13: -26 | H13: end of line
A14: 3 | B14: Professional Responsibility Advisory Office (PRAO): The component transfers for the Professional Responsibility Advisory Office (PRAO) into the General Administration appropriation will centralize appropriated funding and eliminate the current reimbursable financing process. The centralization of the funding is administratively advantageous because it eliminates the paper-intensive reimbursement process. | E14: 0 | F14: 0 | G14: -123 | H14: end of line
B15: Subtotal, Transfers | E15: =SUM(E12:E14) -> 0 | F15: =SUM(F12:F14) -> 0 | G15: =SUM(G12:G14) -> 236 | H15: end of line
B16: Pay and Benefits | H16: end of line
A17: 1 | B17: 2014 Pay Raise: This request provides for a proposed 1 percent pay raise to be effective in January of 2014. The amount requested, $595,000, represents the pay amounts for 3/4 of the fiscal year plus appropriate benefits ($452,200 for pay and $142,800 for benefits.) | H17: end of line
G18: 595 | H18: end of line
A19: 2 | B19: Annualization of 2013 Pay Raise: This pay annualization represents first quarter amounts (October through December) of the 2013 pay increase of 0.5% included in the 2013 President's Budget. The amount requested $130,000, represents the pay amounts for 1/4 of the fiscal year plus appropriate benefits ($98,800 for pay and $31,200 for benefits). | H19: end of line
G20: 130 | H20: end of line
A21: 3 | B21: Employee Compensation Fund: The $-118,000 request reflects anticipated changes in payments to the Department of Labor for injury benefits under the Federal Employee Compensation Act. | G21: -118 | H21: end of line
A22: 4 | B22: Health Insurance: Effective January 2014, the component's contribution to Federal employees' health insurance increases by 3.03 percent. Applied against the 2013 estimate of $4,220,000, the additional amount required is $128,000. | G22: 128 | H22: end of line
A23: 5 | B23: Retirement: Agency retirement contributions increase as employees under CSRS retire and are replaced by FERS employees. Based on U.S. Department of Justice Agency estimates, we project that the DOJ workforce will convert from CSRS to FERS at a rate of 1.3 percent per year. The requested increase of $81,000 is necessary to meet our increased retirement obligations as a result of this conversion. | G23: 81 | H23: end of line
B24: Subtotal, Pay and Benefits | E24: =SUM(E18:E23) -> 0 | F24: =SUM(F18:F23) -> 0 | G24: =SUM(G18:G23) -> 816 | H24: end of line
B25: Domestic Rent and Facilities | H25: end of line
A26: 1 | B26: Guard Services: This includes Department of Homeland Security (DHS) Federal Protective Service charges, Justice Protective Service charges and other security services across the country. The requested change of $-229,000 meets these commitments. | G26: -229 | H26: end of line
B27: Subtotal, Domestic Rent and Facilities | E27: =SUM(E26:E26) -> 0 | F27: =SUM(F26:F26) -> 0 | G27: =SUM(G26:G26) -> -229 | H27: end of line
B28: TOTAL DIRECT TECHNICAL and BASE ADJUSTMENTS | E28: =E27+E24+E15+E10 -> 0 | F28: =F27+F24+F15+F10 -> 0 | G28: =G27+G24+G15+G10 -> -154 | H28: end of sheet

Sheet F. 2012 Crosswalk
A1: Crosswalk of 2012 Availability | P1: end of line
A2: Antitrust Division | P2: end of line
A3: Salaries and Expenses | P3: end of line
A4: (Dollars in Thousands) | P4: end of line
P5: end of line
P6: end of line
A7: Program Activity | B7: 2012 Appropriation Enacted w/o Balance Rescission | E7: Balance Rescission | H7: Reprogramming/Transfers | K7: Carryover | L7: Recoveries/Refunds | M7: 2012 Actual | P7: end of line
B8: Direct Pos. | C8: Actual FTE | D8: Amount | E8: Direct Pos. | F8: Actual FTE | G8: Amount | H8: Direct Pos. | I8: Actual FTE | J8: Amount | K8: Amount | L8: Amount | M8: Direct Pos. | N8: Actual FTE | O8: Amount | P8: end of line
A9: Antitrust Division | B9: 880 | C9: 705 | D9: 159587 | E9: 0 | F9: 0 | G9: 0 | H9: 0 | I9: 0 | J9: 0 | K9: 1544 | L9: 0 | M9: =B9+H9 -> 880 | N9: =C9+I9 -> 705 | O9: =D9+J9+K9+L9+G9 -> 161131 | P9: end of line
A10: Total Direct | B10: =SUM(B9:B9) -> 880 | C10: =SUM(C9:C9) -> 705 | D10: =SUM(D9:D9) -> 159587 | E10: =SUM(E9:E9) -> 0 | F10: =SUM(F9:F9) -> 0 | G10: =SUM(G9:G9) -> 0 | H10: =SUM(H9:H9) -> 0 | I10: =SUM(I9:I9) -> 0 | ... O10: =SUM(O9:O9) -> 161131 | P10: end of line
A11: Grand Total, FTE | C11: =SUM(C10) -> 705 | F11: =SUM(F10) -> 0 | I11: =SUM(I10) -> 0 | N11: =SUM(N10) -> 705 | P11: end of line
P12: end of line
A13: Carryover: | P13: end of line
A14: FY 2011 funds were carried over from the 15X0319 account. The Division brought forward $17,873 from prior years' salaries and expenses funding, of which $1,544 was made available in FY 2012. The remaining carryover amount of $16,329 was not available for obligation in FY 2012 and is comprised of: $15,720 in FY 2007 HSR Fee collections in excess of the FY 2007 authorized level of $129,000 and $609 in recoveries not made available in FY 2009; held for prior year real property taxes. | P14: end of line
P15: end of line
A16: Recoveries/Refunds: | P16: end of line
A17: FY 2012 recoveries totaled $2,172 and were not made available. | P17: end of sheet

Sheet G. 2013 Crosswalk
A1: Crosswalk of 2013 Availability | N1: end of line
A2: Antitrust Division | N2: end of line
A3: Salaries and Expenses | N3: end of line
A4: (Dollars in Thousands) | N4: end of line
N5: end of line
N6: end of line
A7: Program Activity | B7: FY 2013 Continuing Resolution* | E7: Supplemental Appropriation | F7: Reprogramming/Transfers | I7: Carryover | J7: Recoveries/Refunds | K7: 2013 Availability | N7: end of line
B8: Direct Pos. | C8: Estim. FTE | D8: Amount | E8: Amount | F8: Direct Pos. | G8: Estim. FTE | H8: Amount | I8: Amount | J8: Amount | K8: Direct Pos. | L8: Estim. FTE | M8: Amount | N8: end of line
A9: Antitrust Division | B9: 880 | C9: 676 | D9: 160564 | E9: 0 | F9: 0 | G9: 0 | H9: 0 | I9: 4224 | J9: 0 | K9: =B9+F9 -> 880 | L9: =C9+G9 -> 676 | M9: =D9+E9+H9+I9+J9 -> 164788 | N9: end of line
A10: Total Direct | B10: =SUM(B9:B9) -> 880 | C10: =SUM(C9:C9) -> 676 | D10: =SUM(D9:D9) -> 160564 | E10: =SUM(E9:E9) -> 0 | F10: =SUM(F9:F9) -> 0 | G10: =SUM(G9:G9) -> 0 | H10: =SUM(H9:H9) -> 0 | I10: =SUM(I9:I9) -> 4224 | ... M10: =SUM(M9:M9) -> 164788 | N10: end of line
A11: Grand Total, FTE | C11: =SUM(C10) -> 676 | G11: =SUM(G10) -> 0 | I11: =SUM(I10) -> 4224 | L11: =SUM(L10) -> 676 | N11: end of line
A12: *The 2013 Continuing Resolution includes the 0.612% funding provided by the Continuing Appropriations Resolution, 2013 (P.L. 112-175, Section 101 (c)). | N12: end of line
N13: end of line
A14: Carryover: | N14: end of line
A15: FY 2012 funds were carried over from the 15X0319 account. The Division brought forward $19,944 from prior years' salaries and expenses funding, of which $4,224 was made available in FY 2013. The remaining carryover amount of $15,720 was not available for obligation in FY 2013 and is comprised of FY 2007 HSR Fee collections in excess of the FY 2007 authorized level of $129,000. | N15: end of sheet

Sheet H. Reimbursable Resources
A1: Summary of Reimbursable Resources | N1: end of line
A2: Antitrust Division | N2: end of line
A3: Salaries and Expenses | N3: end of line
A4: (Dollars in Thousands) | N4: end of line
N5: end of line
N6: end of line
A7: Collections by Source | B7: 2012 Actual | E7: 2013 Planned | H7: 2014 Request | K7: Increase/Decrease | N7: end of line
B8: Reimb. Pos. | C8: Reimb. FTE | D8: Amount | E8: Reimb. Pos. | F8: Reimb. FTE | G8: Amount | H8: Reimb. Pos. | I8: Reimb. FTE | J8: Amount | K8: Reimb. Pos. | L8: Reimb. FTE | M8: Amount | N8: end of line
A9: Environment and Natural Resource Division | B9: 0 | C9: 0 | D9: 128 | E9: 0 | F9: 0 | G9: 150 | H9: 0 | I9: 0 | J9: 200 | K9: =H9-E9 -> 0 | L9: =I9-F9 -> 0 | M9: =J9-G9 -> 50 | N9: end of line
A10: Civil Division | B10: 0 | C10: 0 | D10: 0 | E10: 0 | F10: 0 | G10: 19 | H10: 0 | I10: 0 | J10: 0 | K10: =H10-E10 -> 0 | L10: =I10-F10 -> 0 | M10: =J10-G10 -> -19 | N10: end of line
A11: U.S. Attorney's Office | B11: 0 | C11: 0 | D11: 595 | E11: 0 | F11: 0 | G11: 0 | H11: 0 | I11: 0 | J11: 0 | K11: =H11-E11 -> 0 | L11: =I11-F11 -> 0 | M11: =J11-G11 -> 0 | N11: end of line
A12: Council of Economic Advisors | B12: 0 | C12: 0 | D12: 52 | E12: 0 | F12: 0 | G12: 0 | H12: 0 | I12: 0 | J12: 0 | K12: =H12-E12 -> 0 | L12: =I12-F12 -> 0 | M12: =J12-G12 -> 0 | N12: end of line
A13: Department Of Commerce | B13: 0 | C13: 0 | D13: 20 | E13: 0 | F13: 0 | G13: 0 | H13: 0 | I13: 0 | J13: 0 | K13: =H13-E13 -> 0 | L13: =I13-F13 -> 0 | M13: =J13-G13 -> 0 | N13: end of line
A14: Federal Trade Commission | B14: 0 | C14: 0 | D14: 23 | E14: 0 | F14: 0 | G14: 0 | H14: 0 | I14: 0 | J14: 0 | K14: =H14-E14 -> 0 | L14: =I14-F14 -> 0 | M14: =J14-G14 -> 0 | N14: end of line
A15: Office of Attorney Recruitment/Management | B15: 0 | C15: 0 | D15: 14 | E15: 0 | F15: 0 | G15: 1 | H15: 0 | I15: 0 | J15: 0 | K15: =H15-E15 -> 0 | L15: =I15-F15 -> 0 | M15: =J15-G15 -> -1 | N15: end of line
A16: Justice Management Division | B16: 0 | C16: 0 | D16: 4738 | E16: 0 | F16: 0 | G16: 3000 | H16: 0 | I16: 0 | J16: 0 | K16: =H16-E16 -> 0 | L16: =I16-F16 -> 0 | M16: =J16-G16 -> -3000 | N16: end of line
A17: Budgetary Resources | B17: =SUM(B9:B16) -> 0 | C17: =SUM(C9:C16) -> 0 | D17: =SUM(D9:D16) -> 5570 | E17: =SUM(E9:E16) -> 0 | F17: =SUM(F9:F16) -> 0 | G17: =SUM(G9:G16) -> 3170 | H17: =SUM(H9:H16) -> 0 | I17: =SUM(I9:I16) -> 0 | ... M17: =SUM(M9:M16) -> -2970 | N17: end of line
N18: end of line
A19: Obligations by Program Activity | B19: 2012 Actual | E19: 2013 Planned | H19: 2014 Request | K19: Increase/Decrease | N19: end of line
B20: Reimb. Pos. | C20: Reimb. FTE | D20: Amount | E20: Reimb. Pos. | F20: Reimb. FTE | G20: Amount | H20: Reimb. Pos. | I20: Reimb. FTE | J20: Amount | K20: Reimb. Pos. | L20: Reimb. FTE | M20: Amount | N20: end of line
A21: Antitrust Division | B21: 0 | C21: 0 | D21: 5570 | E21: 0 | F21: 0 | G21: 3170 | H21: 0 | I21: 0 | J21: 200 | K21: =H21-E21 -> 0 | L21: =I21-F21 -> 0 | M21: =J21-G21 -> -2970 | N21: end of line
A22: Budgetary Resources | B22: =SUM(B21:B21) -> 0 | C22: =SUM(C21:C21) -> 0 | D22: =SUM(D21:D21) -> 5570 | E22: =SUM(E21:E21) -> 0 | F22: =SUM(F21:F21) -> 0 | G22: =SUM(G21:G21) -> 3170 | H22: =SUM(H21:H21) -> 0 | I22: =SUM(I21:I21) -> 0 | ... M22: =SUM(M21:M21) -> -2970 | N22: end of sheet

Sheet I. Permanent Positions
A1: Detail of Permanent Positions by Category | K1: end of line
A2: Antitrust Division | K2: end of line
A3: Salaries and Expenses | K3: end of line
A4: (Dollars in Thousands) | K4: end of line
K5: end of line
K6: end of line
A7: Category | B7: 2012 Appropriation Enacted with Balance Rescissions | D7: 2013 Continuing Resolution | F7: 2014 Request | K7: end of line
B8: Direct Pos. | C8: Reimb. Pos. | D8: Direct Pos. | E8: Reimb. Pos. | F8: ATBs | G8: Program Increases | H8: Program Offsets | I8: Total Direct Pos. | J8: Total Reimb. Pos. | K8: end of line
A9: Security Specialists (080) | B9: 1 | C9: 0 | D9: 1 | E9: 0 | F9: 0 | G9: 0 | H9: 2 | I9: =D9+F9+G9+H9 -> 3 | J9: 0 | K9: end of line
A10: Social Science, Economics and Kindred (100-199) | B10: 66 | C10: 0 | D10: 66 | E10: 0 | F10: 0 | G10: 0 | H10: -6 | I10: =D10+F10+G10+H10 -> 60 | J10: 0 | K10: end of line
A11: Personnel Management (200-299) | B11: 11 | C11: 0 | D11: 11 | E11: 0 | F11: 0 | G11: 0 | H11: 0 | I11: =D11+F11+G11+H11 -> 11 | J11: 0 | K11: end of line
A12: Clerical and Office Services (300-399) | B12: 154 | C12: 0 | D12: 154 | E12: 0 | F12: 0 | G12: 0 | H12: -16 | I12: =D12+F12+G12+H12 -> 138 | J12: 0 | K12: end of line
A13: Accounting and Budget (500-599) | B13: 9 | C13: 0 | D13: 9 | E13: 0 | F13: 0 | G13: 0 | H13: 0 | I13: =D13+F13+G13+H13 -> 9 | J13: 0 | K13: end of line
A14: Attorneys (905) | B14: 390 | C14: 0 | D14: 390 | E14: 0 | F14: 0 | G14: 0 | H14: -10 | I14: =D14+F14+G14+H14 -> 380 | J14: 0 | K14: end of line
A15: Paralegals / Other Law (900-998) | B15: 200 | C15: 0 | D15: 200 | E15: 0 | F15: 0 | G15: 0 | H15: -20 | I15: =D15+F15+G15+H15 -> 180 | J15: 0 | K15: end of line
A16: Business & Industry (1100-1199) | B16: 5 | C16: 0 | D16: 5 | E16: 0 | F16: 0 | G16: 0 | H16: 0 | I16: =D16+F16+G16+H16 -> 5 | J16: 0 | K16: end of line
A17: Library (1400-1499) | B17: 3 | C17: 0 | D17: 3 | E17: 0 | F17: 0 | G17: 0 | H17: 0 | I17: =D17+F17+G17+H17 -> 3 | J17: 0 | K17: end of line
A18: Mathematics and Statistics (1500-1599) | B18: 9 | C18: 0 | D18: 9 | E18: 0 | F18: 0 | G18: 0 | H18: 0 | I18: =D18+F18+G18+H18 -> 9 | J18: 0 | K18: end of line
A19: Information Technology Mgmt (2210) | B19: 32 | C19: 0 | D19: 32 | E19: 0 | F19: 0 | G19: 0 | H19: 0 | I19: =D19+F19+G19+H19 -> 32 | J19: 0 | K19: end of line
A20: Total | B20: =SUM(B9:B19) -> 880 | C20: =SUM(C9:C19) -> 0 | D20: =SUM(D9:D19) -> 880 | E20: =SUM(E9:E19) -> 0 | F20: =SUM(F9:F19) -> 0 | G20: =SUM(G9:G19) -> 0 | H20: =SUM(H9:H19) -> -50 | I20: =SUM(I9:I19) -> 830 | J20: =SUM(J9:J19) -> 0 | K20: end of line
A21: Headquarters (Washington, D.C.) | B21: 633 | C21: 0 | D21: =880-185 -> 695 | E21: 0 | F21: 0 | G21: 0 | H21: -50 | I21: =D21+F21+G21+H21 -> 645 | J21: 0 | K21: end of line
A22: U.S. Field | B22: 247 | C22: 0 | D22: 185 | E22: 0 | F22: 0 | G22: 0 | H22: 0 | I22: =D22+F22+G22+H22 -> 185 | J22: 0 | K22: end of line
A23: Total | B23: =SUM(B21:B22) -> 880 | C23: =SUM(C21:C22) -> 0 | D23: =SUM(D21:D22) -> 880 | E23: =SUM(E21:E22) -> 0 | F23: =SUM(F21:F22) -> 0 | G23: =SUM(G21:G22) -> 0 | H23: =SUM(H21:H22) -> -50 | I23: =SUM(I21:I22) -> 830 | J23: =SUM(J21:J22) -> 0 | K23: end of sheet

Sheet J. Financial Analysis
A1: Financial Analysis of Program Changes | D1: end of line
A2: Antitrust Division | D2: end of line
A3: Salaries and Expenses | D3: end of line
A4: (Dollars in Thousands) | D4: end of line
D5: end of line
A6: Grades | B6: Antitrust Division | D6: end of line
B7: Program Offsets | D7: end of line
B8: Direct Pos. | C8: Amount | D8: end of line
A9: SES | B9: 0 | C9: 0 | D9: end of line
A10: GS-15 | B10: -16 | C10: 0 | D10: end of line
A11: GS-14 | B11: 0 | C11: 0 | D11: end of line
A12: GS-13 | B12: 0 | C12: 0 | D12: end of line
A13: GS-12 | B13: 0 | C13: 0 | D13: end of line
A14: GS-11 | B14: 0 | C14: 0 | D14: end of line
A15: GS-10 | B15: 0 | C15: 0 | D15: end of line
A16: GS-9 | B16: 0 | C16: 0 | D16: end of line
A17: GS-8 | B17: 0 | C17: 0 | D17: end of line
A18: GS-7 | B18: -34 | C18: 0 | D18: end of line
A19: GS-6 | B19: 0 | C19: 0 | D19: end of line
A20: GS-5 | B20: 0 | C20: 0 | D20: end of line
A21: Total Positions and Annual Amount | B21: =SUM(B9:B20) -> -50 | C21: =SUM(C9:C20) -> 0 | D21: end of line
A22: Total Program Change Requests | B22: =SUM(B21) -> -50 | C22: =SUM(C21) -> 0 | D22: end of sheet

Sheet K. Summary by Grade
A1: Summary of Requirements by Grade | M1: end of line
A2: Antitrust Division | M2: end of line
A3: Salaries and Expenses | M3: end of line
A4: (Dollars in Thousands) | M4: end of line
M5: end of line
M6: end of line
A7: Grades and Salary Ranges | E7: 2012 Enacted | G7: 2013 Continuing Resolution | I7: 2014 Request | K7: Increase/Decrease | M7: end of line
E8: Direct Pos. | F8: Amount | G8: Direct Pos. | H8: Amount | I8: Direct Pos. | J8: Amount | K8: Direct Pos. | L8: Amount | M8: end of line
A9: SES/SL | B9: 119554 | C9: - | D9: 179700 | E9: 32 | F9: 0 | G9: 32 | H9: 0 | I9: 32 | J9: 0 | K9: =I9-G9 -> 0 | L9: =J9-H9 -> 0 | M9: end of line
A10: GS-15 | B10: 123758 | C10: - | D10: 155500 | E10: 340 | F10: 0 | G10: 340 | H10: 0 | I10: 324 | J10: 0 | K10: =I10-G10 -> -16 | L10: =J10-H10 -> 0 | M10: end of line
A11: GS-14 | B11: 105211 | C11: - | D11: 136771 | E11: 56 | F11: 0 | G11: 56 | H11: 0 | I11: 56 | J11: 0 | K11: =I11-G11 -> 0 | L11: =J11-H11 -> 0 | M11: end of line
A12: GS-13 | B12: 89033 | C12: - | D12: 115742 | E12: 52 | F12: 0 | G12: 52 | H12: 0 | I12: 52 | J12: 0 | K12: =I12-G12 -> 0 | L12: =J12-H12 -> 0 | M12: end of line
A13: GS-12 | B13: 74872 | C13: - | D13: 97333 | E13: 45 | F13: 0 | G13: 45 | H13: 0 | I13: 45 | J13: 0 | K13: =I13-G13 -> 0 | L13: =J13-H13 -> 0 | M13: end of line
A14: GS-11 | B14: 62467 | C14: - | D14: 81204 | E14: 40 | F14: 0 | G14: 40 | H14: 0 | I14: 40 | J14: 0 | K14: =I14-G14 -> 0 | L14: =J14-H14 -> 0 | M14: end of line
A15: GS-10 | B15: 56857 | C15: - | D15: 73917 | E15: 3 | F15: 0 | G15: 3 | H15: 0 | I15: 3 | J15: 0 | K15: =I15-G15 -> 0 | L15: =J15-H15 -> 0 | M15: end of line
A16: GS-9 | B16: 51630 | C16: - | D16: 67114 | E16: 75 | F16: 0 | G16: 75 | H16: 0 | I16: 75 | J16: 0 | K16: =I16-G16 -> 0 | L16: =J16-H16 -> 0 | M16: end of line
A17: GS-8 | B17: 46745 | C17: - | D17: 60765 | E17: 28 | F17: 0 | G17: 28 | H17: 0 | I17: 28 | J17: 0 | K17: =I17-G17 -> 0 | L17: =J17-H17 -> 0 | M17: end of line
A18: GS-7 | B18: 42209 | C18: - | D18: 54875 | E18: 170 | F18: 0 | G18: 170 | H18: 0 | I18: 136 | J18: 0 | K18: =I18-G18 -> -34 | L18: =J18-H18 -> 0 | M18: end of line
A19: GS-6 | B19: 37983 | C19: - | D19: 49375 | E19: 7 | F19: 0 | G19: 7 | H19: 0 | I19: 7 | J19: 0 | K19: =I19-G19 -> 0 | L19: =J19-H19 -> 0 | M19: end of line
A20: GS-5 | B20: 37075 | C20: - | D20: 44293 | E20: 25 | F20: 0 | G20: 25 | H20: 0 | I20: 25 | J20: 0 | K20: =I20-G20 -> 0 | L20: =J20-H20 -> 0 | M20: end of line
... A22: GS-2 | B22: 24865 | C22: - | D22: 31292 | E22: 1 | F22: 0 | G22: 1 | H22: 0 | I22: 1 | J22: 0 | K22: =I22-G22 -> 0 | L22: =J22-H22 -> 0 | M22: end of line
A23: Total, Appropriated Positions | E23: =SUM(E9:E22) -> 880 | F23: =SUM(F9:F22) -> 0 | G23: =SUM(G9:G22) -> 880 | H23: =SUM(H9:H22) -> 0 | I23: =SUM(I9:I22) -> 830 | J23: =SUM(J9:J22) -> 0 | K23: =SUM(K9:K22) -> -50 | L23: =SUM(L9:L22) -> 0 | M23: end of line
A24: Average SES Salary | F24: 174387 | H24: 175259 | J24: 175259 | M24: end of line
A25: Average GS Salary | F25: 106780 | H25: 107314 | J25: 109138 | M25: end of line
A26: Average GS Grade | F26: 13 | H26: 13 | J26: 13 | M26: end of sheet

Sheet L. Summary by OC
A1: Summary of Requirements by Object Class | J1: end of line
A2: Antitrust Division | J2: end of line
A3: Salaries and Expenses | J3: end of line
A4: (Dollars in Thousands) | J4: end of line
J5: end of line
A6: Object Class | B6: 2012 Actual | D6: 2013 Availability * | F6: 2014 Request | H6: Increase/Decrease | J6: end of line
B7: Direct FTE | C7: Amount | D7: Direct FTE | E7: Amount | F7: Direct FTE | G7: Amount | H7: Direct FTE | I7: Amount | J7: end of line
A8: 11.1 Full-Time Permanent | B8: 551 | C8: 69540 | D8: 527 | E8: 65400 | F8: 527 | G8: =E8+468 -> 65868 | H8: =F8-D8 -> 0 | I8: =G8-E8 -> 468 | J8: end of line
A9: 11.3 Other than Full-Time Permanent | B9: 154 | C9: 9488 | D9: 149 | E9: 10700 | F9: 149 | G9: =E9+83 -> 10783 | H9: =F9-D9 -> 0 | I9: =G9-E9 -> 83 | J9: end of line
A10: 11.5 Other Personnel Compensation | B10: =SUM(B11:B12) -> 0 | C10: 722 | D10: =SUM(D11:D12) -> 0 | E10: 700 | F10: =SUM(F11:F12) -> 0 | G10: 700 | H10: =F10-D10 -> 0 | I10: =G10-E10 -> 0 | J10: end of line
A11: Overtime | B11: 0 | C11: 565 | D11: 0 | E11: 550 | F11: 0 | G11: 550 | H11: =F11-D11 -> 0 | I11: =G11-E11 -> 0 | J11: end of line
A12: Other Compensation | B12: 0 | C12: 157 | D12: 0 | E12: 150 | F12: 0 | G12: 150 | H12: =F12-D12 -> 0 | I12: =G12-E12 -> 0 | J12: end of line
A13: 11.8 Special Personal Services Payments | B13: 0 | C13: 226 | D13: 0 | E13: 220 | F13: 0 | G13: 220 | H13: =F13-D13 -> 0 | I13: =G13-E13 -> 0 | J13: end of line
A14: Total | B14: =SUM(B8:B10,B13) -> 705 | C14: =SUM(C8:C10,C13) -> 79976 | D14: =SUM(D8:D10,D13) -> 676 | E14: =SUM(E8:E10,E13) -> 77020 | F14: =SUM(F8:F10,F13) -> 676 | G14: =SUM(G8:G10,G13) -> 77571 | H14: =SUM(H8:H10,H13) -> 0 | I14: =SUM(I8:I10,I13) -> 551 | J14: end of line
A15: Other Object Classes | J15: end of line
A16: 12.0 Personnel Benefits | C16: 22230 | E16: 21500 | G16: =E16+91+174 -> 21765 | I16: =G16-E16 -> 265 | J16: end of line
A17: 13.0 Benefits for former personnel | C17: 471 | E17: 400 | G17: 400 | I17: =G17-E17 -> 0 | J17: end of line
A18: 21.0 Travel and Transportation of Persons | C18: 1350 | E18: 1350 | G18: 1300 | I18: =G18-E18 -> -50 | J18: end of line
A19: 22.0 Transportation of Things | C19: 615 | E19: 675 | G19: 600 | I19: =G19-E19 -> -75 | J19: end of line
A20: 23.1 Rental Payments to GSA | C20: 22717 | E20: 22789 | G20: 22789 | I20: =G20-E20 -> 0 | J20: end of line
A21: 23.2 Rental Payments to Others | C21: 182 | E21: 180 | G21: 180 | I21: =G21-E21 -> 0 | J21: end of line
A22: 23.3 Communications, Utilities, and Miscellaneous Charges | C22: 1679 | E22: 1680 | G22: 1650 | I22: =G22-E22 -> -30 | J22: end of line
A23: 24.0 Printing and Reproduction | C23: 397 | E23: 375 | G23: 375 | I23: =G23-E23 -> 0 | J23: end of line
A24: 25.1 Advisory and Assistance Services | C24: 53 | E24: 390 | G24: 390 | I24: =G24-E24 -> 0 | J24: end of line
A25: 25.2 Other Services from Non-Federal Sources | C25: 29911 | E25: 29750 | G25: 29450 | I25: =G25-E25 -> -300 | J25: end of line
A26: 25.3 Other Goods and Services from Federal Sources | C26: 1927 | E26: 1925 | G26: 1900 | I26: =G26-E26 -> -25 | J26: end of line
A27: 25.4 Operation and Maintenance of Facilities | C27: 75 | E27: 75 | G27: 75 | I27: =G27-E27 -> 0 | J27: end of line
A28: 25.5 Research and Development Contracts | C28: 0 | E28: 0 | G28: 0 | I28: =G28-E28 -> 0 | J28: end of line
... A36: 42.0 Insurance Claims and Indemnities | C36: 188 | E36: 180 | G36: 180 | I36: =G36-E36 -> 0 | J36: end of line
A37: Total Obligations | C37: =SUM(C14:C36) -> 165459 | E37: =SUM(E14:E36) -> 161749 | G37: =SUM(G14:G36) -> 162010 | I37: =SUM(I14:I36) -> 261 | J37: end of line
A38: Subtract - Unobligated Balance, Start-of-Year | C38: -17873 | E38: -19944 | G38: -19944 | I38: =G38-E38 -> 0 | J38: end of line
A39: Subtract - Transfers/Reprogramming | C39: 0 | E39: 0 | G39: 0 | I39: =G39-E39 -> 0 | J39: end of line
A40: Subtract - Recoveries/Refunds | C40: -2172 | E40: -1185 | G40: -1600 | I40: =G40-E40 -> -415 | J40: end of line
A41: Subtract - Unobligated Unavailable for Obligation | C41: -5771 | E41: 0 | G41: 0 | I41: =G41-E41 -> 0 | J41: end of line
A42: Add - Unobligated End-of-Year, Available | C42: 19944 | E42: 19944 | G42: 19944 | I42: =G42-E42 -> 0 | J42: end of line
A43: Add - Unobligated End-of-Year, Expiring | C43: 0 | E43: 0 | G43: 0 | I43: =G43-E43 -> 0 | J43: end of line
A44: Total Direct Requirements | B44: =SUM(B37:B43) -> 0 | C44: =SUM(C37:C43) -> 159587 | D44: =SUM(D37:D43) -> 0 | E44: =SUM(E37:E43) -> 160564 | F44: =SUM(F37:F43) -> 0 | G44: =SUM(G37:G43) -> 160410 | H44: =SUM(H37:H43) -> 0 | I44: =SUM(I37:I43) -> -154 | J44: end of line
J45: end of line
A46: *The 2013 Availability includes the 0.612% funding provided by the Continuing Appropriations Resolution, 2013 (P.L. 112-175, Section 101 (c)). | J46: end of sheet
